 Dungeon Crawl Stone Soup version 0.31-a0-214-gb37851dbb3 (webtiles) character file.

Game seed: 12572184541022671598

79 qw the Shooter (level 4, -1/36 HPs)
             Began as a Minotaur Hexslinger on July 1, 2023.
             Succumbed to Jessica's poison
             ... on level 2 of the Dungeon.
             The game lasted 00:00:32 (1258 turns).

qw the Shooter (Minotaur Hexslinger)                Turns: 1258, Time: 00:00:33

Health: -1/36      AC:  2    Str: 12    XL:     4   Next: 17%
Magic:  4/4        EV: 12    Int: 10    God:
Gold:   0          SH:  0    Dex: 15    Spells: 4/5 levels left

rFire   . . .        Y - +1 sling
rCold   . . .        (no shield)
rNeg    . . .        c - +0 robe
rPois   .            (helmet restricted)
rElec   .            (no cloak)
rCorr   .            (no gloves)
SInv    .            (no boots)
Will    .....        (no amulet)
Stlth   +            (no ring)
HPRegen 0.26/turn    (no ring)
MPRegen 0.09/turn

%: no passive effects
@: lethally poisoned (-1 -> -37)
A: horns 2, retaliatory headbutt
a: no special abilities


You were on level 2 of the Dungeon.
You visited 1 branch of the dungeon, and saw 2 of its levels.


Innate Abilities, Weirdness & Mutations

You have a pair of horns on your head.
You reflexively headbutt those who attack you in melee.


   Skills:
 - Level 2.1 Fighting
 + Level 4.6 Ranged Weapons
 - Level 2.1 Dodging
 - Level 1.0 Spellcasting
 - Level 2.0 Hexes


You had 4 spell levels left.
You knew the following spells:

 Your Spells              Type           Power      Damage    Failure   Level
a - Slow                  Hex            16%        N/A       16%         1

Your spell library contained the following spells:

 Spells                   Type           Power      Damage    Failure   Level
 Inner Flame              Hex/Fire       2%         N/A       56%         3
 Portal Projectile        Hex/Tloc       4%         N/A       56%         3
 Cause Fear               Hex            2%         N/A       83%         4

Inventory:

Hand Weapons
 Y - a +1 sling (weapon)
Armour
 c - a +0 robe (worn)
Scrolls
 b - a scroll of immolation {unknown}
 e - a scroll of fog {unknown}
Potions
 a - a potion of brilliance {unknown}
 d - a potion of berserk rage {unknown}
 f - a potion of attraction {unknown}
 g - a potion of resistance

Dungeon Overview and Level Annotations

Branches:
Dungeon (2/15)

Altars:


Message History

Jessica the Apprentice Sorceress comes into view.
She is wielding a +3 dagger of venom.
Enter note:
Enter note: You shoot a sling bullet.
The sling bullet hits Jessica.
Jessica shouts!
Jessica is moderately wounded.
Jessica gestures wildly while chanting.
Jessica blinks!
Jessica is nearby!
Enter note:
Enter note: You shoot a sling bullet.
The sling bullet hits Jessica.
Jessica is heavily wounded.
You shoot a sling bullet. The sling bullet hits Jessica.
Jessica is severely wounded.
You shoot a sling bullet.
The sling bullet hits Jessica but does no damage.
Jessica is severely wounded.
A kobold comes into view. It is wielding a +0 short sword.
An endoplasm comes into view.
You shoot a sling bullet. The endoplasm quivers.
The kobold shouts!
The sling bullet hits Jessica but does no damage.
Jessica is severely wounded.
Jessica hits you with a +3 dagger of venom!
You are poisoned.
A kobold comes into view. It is wielding a staff of poison.
Jessica hits you with a +3 dagger of venom!
You are lethally poisoned!
The kobold drinks a potion.
The kobold suddenly seems more resistant.
You shoot a sling bullet. The sling bullet barely misses Jessica.
The sling bullet hits the kobold but does no damage.
You feel extremely sick.
Jessica hits you with a +3 dagger of venom.
You are more poisoned.
You shoot a sling bullet. The sling bullet hits Jessica!
You kill Jessica!
You die...

#...# #.#.....#.#
#...# #.#.###.#.#####
#...# #.#.#..<)......
#...# #.#.....#.#####
#...# #.......#.###
#...####>..........###
#......%.#######......
#.########### ###....
#....@)..K... #....
#########J.K. #.... .
#.... #.... ##### #


You could see an endoplasm and 2 kobolds.

Vanquished Creatures
  Jessica (D:2)
  A gnoll (D:1)
  2 adders (D:2)
  A worm (D:2)
  2 dart slugs (D:1)
  4 endoplasms
  2 giant cockroaches (D:1)
  4 goblins
  6 hobgoblins (D:1)
  5 kobolds
  2 quokkas
  3 ball pythons
  4 bats
  3 frilled lizards (D:1)
  3 rats
43 creatures vanquished.

Notes
Turn   | Place    | Note
-------+----------+-------------------------------------------
     0 | D:1      | qw the Minotaur Hexslinger began the quest for the Orb.
     0 | D:1      | Reached XP level 1. HP: 16/16 MP: 1/1
     0 | D:1      | 0 ||| qw: Version: 0.3-a-32-g5962c71
     0 | D:1      | 0 ||| qw: Game counter: 7433
     0 | D:1      | 0 ||| qw: Melee chars always use a shield: true
     0 | D:1      | 0 ||| qw: God list: Okawaru
     0 | D:1      | 0 ||| qw: Allow faded altars: false
     0 | D:1      | 0 ||| qw: Do Orc after clearing Dungeon:15 true
     0 | D:1      | 0 ||| qw: Do second Lair branch before Depths: true
     0 | D:1      | 0 ||| qw: Lair rune preference: random
     0 | D:1      | 0 ||| qw: Goals: Normal
     0 | D:1      | 0 ||| PLANNING D:1-11
   156 | D:1      | Reached skill level 3 in Ranged Weapons
   156 | D:1      | Reached XP level 2. HP: 18/23 MP: 2/2
   356 | D:1      | Reached XP level 3. HP: 20/29 MP: 3/3
   601 | D:1      | Reached skill level 4 in Ranged Weapons
   975 | D:1      | 975 ||| READING scroll labelled UTASKU AHEI.
   976 | D:1      | 976 ||| READING scroll labelled FAIHIA MINWIR.
   977 | D:1      | 977 ||| DRINKING 2 purple potions.
   978 | D:1      | 978 ||| DROPPING scroll of poison.
  1091 | D:2      | Reached XP level 4. HP: 30/36 MP: 4/4
  1250 | D:2      | Noticed Jessica
  1257 | D:2      | HP: 8/36 [Jessica/+3 dagger of venom (4)]
  1258 | D:2      | Killed Jessica
  1258 | D:2      | Succumbed to Jessica's poison

Levels and vault maps discovered:
D:1:      kennysheep_arrival_forest, layout_basic
D:2:      layout_basic, uniq_jessica

Skill      XL: |  1  2  3 |
---------------+----------+-----
Ranged Weapons | 3 4 |  4.6
Fighting       | 2 |  2.1
Dodging        | |  2.1
Spellcasting   | |  1.0
Hexes          | |  2.0

Action                     |  1- 3 |  4- 6 || total
---------------------------+-------+-------++-------
   Fire: Sling             |   124 |    25 ||   149
    Use: Scroll            |     2 |       ||     2
         Potion            |     1 |       ||     1
 Armour: Robe              |    10 |     3 ||    13
  Dodge: Dodged            |    37 |     3 ||    40

Table legend:
 A = Non-vault XP
 B = Vault XP
 C = Vault XP percentage of total XP
 D = Non-vault monster count
 E = Vault monster count
 F = Vault count percentage of total count
                 A         B        C        D         E       F
            +---------+---------+-------+---------+---------+-------
      Total |     114 |      37 |  24.5 |      42 |       1 |   2.3
            +---------+---------+-------+---------+---------+-------
        D:1 |      70 |       0 |   0.0 |      31 |       0 |   0.0
        D:2 |      44 |      37 |  45.7 |      11 |       1 |   8.3
            +---------+---------+-------+---------+---------+-------
